[Event "*** Titled Tuesday Blitz"]
[Site "Chess.com"]
[Date "2021.04.20"]
[Round "2"]
[White "MIJuanReyesRosa"]
[Black "not_najdorfs_player"]
[Result "1-0"]
[WhiteElo "2033"]
[BlackElo "2365"]
[TimeControl "180+1"]
[EndTime "10:19:16 PDT"]
[Termination "MIJuanReyesRosa won by resignation"]

1. d4 Nf6 2. Nf3 e6 3. c4 b6 4.
a3 Bb7 5. Nc3 d5 6. Bg5 Be7 7.
Bxf6 Bxf6 8. cxd5 exd5 9. g3 O-O 10. Bg2 Re8 11. O-O Nd7 12. Qa4 Nf8 13. Rfd1 Qd7 14.
Rac1 Qc6 15. e3 Qxa4 16. Nxa4 c6 17. b4 Rac8 18. Bh3 Ne6 19. Rc2 Rcd8 20. Rdc1 Nc7 21. Bf1 g6 22. Nb2 Rd6 23. b5 Nxb5 24. Bxb5 cxb5 25.
Rc7 Ba6 26. Rxa7 Bc8 27. Nd3 Bf5 28. Nde5 Be4 29. Nxf7 Rde6 30. Nh6+ Kh8 31. Nf7+ Kg8 32. Nh6+ Kh8 33. Rcc7 R6e7 34. Nf7+ Kg7 35. Rxe7 Rxe7 36. Rxe7 Bxe7 37. N7g5 Bxa3 38. Nxe4 dxe4 39. Nd2 b4 40.
Nb3 Kf6 41. Kf1 Ke6 42. Ke2 Kd5 43. Kd2 Kc4 44. Kc2 g5 45. Nd2+ Kd5 46. Kb3 h5 47.
Nc4 Bc1 48. Nxb6+ Kc6 49. Nc4 Kb5 50. Nd6+ Kc6 51. Nxe4 Kd5 52. Nxg5 Ba3 53. Nf3 Ke4 54. Ng5+ Kf5 55. Nf7 Bc1 56. Nd6+ Ke6 57. Nb5 Bd2 58.
Nc7+ Kd6 59. Ne8+ Ke7 60. Ng7 h4 61. Nh5 Be1 62. gxh4 Bxf2 63. Nf4 Bxe3 64. Nd5+ Kd6 65. Nxe3 Ke6 66. Kxb4 Kd6 67. Kc4 Kc6 68. d5+ Kd6 69.
Kd4 Kd7 70. h5 Kc7 71. h6 Kd7 72. h7 Kd6 73. h8=Q Kd7 74. Qf6 Kc7 75. h4 Kb7 76. h5 Kc7 77. h6 Kb7 78. h7 Kc7 79. h8=Q Kb7 80. Qhg7+ 1-0

[Event "*** Titled Tuesday Blitz"]
[Site "Chess.com"]
[Date "2021.04.20"]
[Round "2"]
[White "Sanan_Sjugirov"]
[Black "Susal_De_Silva"]
[Result "1-0"]
[WhiteElo "2919"]
[BlackElo "2585"]
[TimeControl "180+1"]
[EndTime "10:19:20 PDT"]
[Termination "Sanan_Sjugirov won by resignation"]

1. d4 Nf6 2. c4 e6 3. Nf3 b6 4. g3 Bb7 5. Bg2 g6 6. Nc3 Bg7 7. Qc2 O-O 8. O-O d6 9. e4 Nc6 10. d5 Ne7 11. dxe6 fxe6 12. Nd4 Bc8 13. e5 dxe5 14. Ndb5 c6 15. Rd1 Bd7 16. Nd6 Nc8 17. Nxc8 Qxc8 18. Bg5 Ne8 19. Rd2 Rb8 20. Rad1 Rf7 21.
Ne4 c5 22. Bh3 Qc6 23. Nd6 Nxd6 24. Rxd6 Qc7 25. Qd2 Bc8 26. Bd8 Qb7 27. Bg2 Qa6 28. b3 Bf8 29. Rd3 Bb7 30. Bh3 Bc8 31. Bg5 Qb7 32.
Rd8 Qc6 33. Bg2 Qc7 34. Bh6 Bb7 35. Rxb8 Qxb8 36. Qd8 Qxd8 37. Rxd8 Bxg2 38. Kxg2 Rf6 39. h4 e4 40. a4 a5 41. Rb8 Rf3 42. Bxf8 Rxf8 43.
Rxb6 Rf3 44. Rb5 Kf7 45. Rxa5 Rxb3 46. Rxc5 Rb4 47. a5 Ra4 48. Rc7+ Kf6 49. Rxh7 Rxc4 50. a6 Ra4 51. a7 Ra2 52. Kf1 Kf5 53. Rf7+ Ke5 54.
Rg7 Kf5 55. Rf7+ Ke5 56. Ke1 e3 57. fxe3 Ke4 58. Rf6 Kxe3 59. Rxe6+ Kf3 60. Rxg6 Rxa7 61. h5 Rh7 62. g4 Kf4 63. Kf2 Ra7 64. Ke2 Ra2+ 65.
Kd3 Rg2 66. Kd4 Rd2+ 67. Kc5 Rd8 68. h6 Rh8 69. g5 Kf5 70. Rg7 Ke6 71. h7 Kf5 72. g6 Rc8+ 73. Kd6 Kf6 74. Rg8 1-0

[Event "*** Titled Tuesday Blitz"]
[Site "Chess.com"]
[Date "2021.04.20"]
[Round "2"]
[White "slowdgehammer"]
[Black "annamaja"]
[Result "0-1"]
[WhiteElo "2453"]
[BlackElo "2286"]
[TimeControl "180+1"]
[EndTime "10:19:31 PDT"]
[Termination "annamaja won on time"]

1. e4 e6 2. d4 d5 3. Nd2 Nf6 4. e5 Nfd7 5. Bd3 c5 6. c3 Nc6 7. Ne2 cxd4 8. cxd4 f6 9. Nf3 fxe5 10. dxe5 Ndxe5 11. Nxe5 Nxe5 12. Bc2 Bb4+ 13. Kf1 O-O 14. Bf4 Qf6 15.
Bg3 Bc5 16. Nf4 Ng6 17. Nxg6 hxg6 18. f3 Bd7 19. Qd3 a6 20. a4 Qxb2 21. Rb1 Qf6 22. Rxb7 Bc6 23. Rc7 Rfc8 24. Rxc8+ Rxc8 25. h4 e5 26.
Qxg6 Qxg6 27. Bxg6 Bxa4 28. Bf2 Bb5+ 29. Kg1 Bd6 30.
Kh2 d4 31. Be4 Bc6 32. Re1 Bxe4 33. fxe4 Rc2 34. Kg3 a5 35. Ra1 Bb4 36. Kf3 Kf7 37. g4 Ke6 38. h5 Rc3+ 39. Kg2 d3 40. g5 Rc2 41. h6 gxh6 42. gxh6 Kf7 43. h7 Kg7 44.
Rh1 Kh8 45. Kf3 Bf8 46. Be3 Bg7 47. Bg5 a4 48. Ra1 Rc4 49. Ke3 Rd4 50. Rb1 d2 51. Ke2 a3 52. Bxd2 Rxe4+ 53. Kd3 Rd4+ 54. Ke2 Kxh7 55.
Rb7 a2 56. Ra7 e4 57. Rxa2 Rc4 58. Be3 Kg6 59. Ra5 Bf6 60. Rb5 Ra4 61. Bd2 Ra2 62. Kd1 Ra1+ 63. Ke2 Ra3 64. Kd1 Rd3 65. Ke2 Rh3 66.
Ke1 Rh2 67. Be3 Rh3 68. Ke2 Bc3 69. Rb6+ Kf5 70. Rb3 Be5 71. Rb5 Rh2+ 72. Ke1 Ke6 73.
Kf1 Rc2 74. Ke1 Rc3 75. Bd2 Rd3 76. Ke2 Kf5 77. Rc5 Kf6 78. Ke1 e3 79. Bc1 Rb3 80. Ke2 Bd4 81. Rc4 Ke5 82. Rc8 Ke4 83. Re8+ Kf4 0-1

[Event "*** Titled Tuesday Blitz"]
[Site "Chess.com"]
[Date "2021.04.20"]
[Round "2"]
[White "Srisshhhtea"]
[Black "Artyom_ChessMate"]
[Result "0-1"]
[WhiteElo "2317"]
[BlackElo "2541"]
[TimeControl "180+1"]
[EndTime "10:19:38 PDT"]
[Termination "Artyom_ChessMate won on time"]

1. d4 d5 2. c4 e6 3. Nf3 Nf6 4. g3 Be7 5. Bg2 O-O 6. O-O dxc4 7. Qc2 a6 8. a4 Bd7 9. Nbd2 Bc6 10. Nxc4 b5 11.
Nce5 Be4 12. Qb3 b4 13. a5 Nbd7 14. Nc4 Bd5 15. Qd3 Be4 16. Qb3 c5 17. Rd1 Qc8 18. Be3 Qb7 19. dxc5 Nxc5 20. Bxc5 Bxc5 21. Nd6 Bxd6 22.
Rxd6 Rfd8 23. Rb6 Qd5 24. Qxb4 h6 25. Rc1 Rac8 26. Rxc8 Rxc8 27. Rb8 Qd1+ 28. Bf1 Rxb8 29. Qxb8+ Kh7 30. Nh4 Bd5 31. Qa7 Bc4 32. Qe3 g6 33. h3 Bb5 34. Nf3 Nd5 35. Qe4 Nf6 36. Qe3 Nd5 37. Qa7 Kg8 38. Nd4 Bc4 39. Qb8+ Kh7 40. Qb7 Qxd4 41. Qxf7+ Qg7 42. Qxe6 Qc7 43. h4 Nf4 44. Qe3 Nd5 45. Qd4 Ne7 46. Qf6 Nf5 47. b4 Qf7 48. Qb6 Bb5 49. Qc5 h5 50. Bg2 Nh6 51. Bf3 Ng4 52. Kg2 Qf5 53. Qe7+ Kg8 54. Qd8+ Kg7 55. Qe7+ Qf7 56. Qc5 Nf6 57. Qd4 Qe6 58.
Qa7+ Qf7 59. Qd4 Qe7 60. Qc3 Qe6 61. Qd4 Qe8 62. e3 Qf7 63. Qc5 Qd7 64. Qe5 Qf5 65. Qe7+ Kg8 66. Qd8+ Kh7 67. Qe7+ Kg8 68. Qd8+ Ne8 69.
Bd5+ Kg7 70. Qe7+ Kh6 71. e4 Qf6 72. Qc5 Kg7 73. Qa7+ Kh6 74. Qe3+ Kg7 75. e5 Qe7 76. e6 Nc7 77. Bf3 Nxe6 78. Qc3+ Qf6 79. Qc8 Nd4 80. Be4 Ne6 81. Qb7+ Qf7 82. Qc8 Nf8 0-1

[Event "*** Titled Tuesday Blitz"]
[Site "Chess.com"]
[Date "2021.04.20"]
[Round "2"]
[White "GadimbayliA"]
[Black "agartha01"]
[Result "1/2-1/2"]
[WhiteElo "2758"]
[BlackElo "2524"]
[TimeControl "180+1"]
[EndTime "10:19:57 PDT"]
[Termination "Game drawn by repetition"]

1. e4 c5 2. Nf3 e6 3. d4 cxd4 4. Nxd4 a6 5. Bd3 Nc6 6. Nxc6 dxc6 7. O-O e5 8. f4 Bc5+ 9. Kh1 Nf6 10. f5 b5 11. Bg5 Bb7 12. Nd2 h6 13. Bh4 Bd4 14.
Rb1 c5 15. b3 Be3 16. Nf3 Qd6 17. Bxb5+ Ke7 18. Qxd6+ Kxd6 19. Rbd1+ Kc7 20. Bc4 Nxe4 21. Nxe5 f6 22. Rd7+ Kb6 23. Nf3 Rad8 24. Rfd1 Rxd7 25. Rxd7 Bc6 26. Rd1 Re8 27. Bd3 Nf2+ 28. Bxf2 Bxf2 29.
Rf1 Bxf3 30. gxf3 Re1 31. Kg2 Rxf1 32. Bxf1 Bd4 33. Bc4 a5 34. Kh3 Kc7 35. Kg4 Kd6 36. h4 Bf2 37. Kh5 Ke5 38. Be6 Be1 39. Kg4 Bf2 40.
Bd7 Be1 41. Bc6 h5+ 42. Kxh5 Kxf5 43. Bd7+ Kf4 44. Bc6 Kf5 45. Be4+ Kf4 46. Kg6 Bxh4 47. Kxg7 f5 48. Bc6 Ke3 49. Kg6 f4 50. Kf5 Be1 51.
Ke5 Bb4 52. Be4 Bc3+ 53. Kd5 Bb4 54. Kc4 Kd2 55. Kb5 Kc3 56. Kc6 Kd4 57. Kb5 Kc3 58. Kb6 Kb2 59. Kc6 Kxa2 60. Kd5 Kb2 61. Ke5 Bd2 62.
Kd5 Be3 63. Kc4 Ka3 64. Kb5 Kb2 65. Kxa5 Kc3 66. Kb5 Bf2 67. Kc6 Be3 68. Kd5 Bf2 69.
Ke5 Be3 70. Bd3 Kb4 71. Bc4 Kc3 72. Bd3 Bd2 73. Ke4 Be3 74. Kd5 Bf2 75. Ke4 Be3 76. Kd5 Bf2 77. Bg6 Be3 78. Kd6 Bf2 79. Ke6 Be3 80.
Kd5 Bf2 81. Kc6 Be3 82. Kb5 Bf2 83. Ka4 Be3 84. Be4 Bf2 85. b4 cxb4 86. Bg6 Be3 87. Be4 Bf2 88. Bg6 Bd4 89. Bf7 Bc5 90. Bg6 Be3 91. Be4 Bf2 1/2-1/2

[Event "*** Titled Tuesday Blitz"]
[Site "Chess.com"]
[Date "2021.04.20"]
[Round "2"]
[White "731291"]
[Black "queen_iryna"]
[Result "1-0"]
[WhiteElo "2685"]
[BlackElo "2334"]
[TimeControl "180+1"]
[EndTime "10:19:58 PDT"]
[Termination "731291 won by resignation"]

1. e4 d6 2. Nc3 Nf6 3. Nf3 e5 4. d4 Nbd7 5. h3 Be7 6. Bc4 O-O 7. O-O c6 8. a4 h6 9. Ba2 Re8 10. Qe2 Bf8 11. dxe5 Nxe5 12. Nxe5 dxe5 13. Be3 Be6 14. Bxe6 Rxe6 15. Rfd1 Qc7 16. Qc4 Qe7 17. a5 Nh5 18. Ne2 Rg6 19. Rd3 Qh4 20. Kh2 Nf4 21. Bxf4 exf4 22.
Rf3 Qg5 23. Nxf4 Bd6 24. g3 Rf6 25. Rg1 Qxa5 26. Kg2 Re8 27. Nd3 Rxf3 28. Kxf3 Qd8 29. Kg2 Qe7 30. Re1 Qe6 31. Qxe6 Rxe6 32. f4 Kf8 33.
Kf3 Re8 34. e5 Bb8 35. f5 b6 36. g4 a5 37. Re4 b5 38. b3 c5 39. Nxc5 Rc8 40. Nd7+ Ke7 41. Nxb8 Rxb8 42. Ke3 Ra8 43. Kd3 a4 44. Re1 a3 45. Kc3 Kd7 46. Kb4 Kc6 47.
Ra1 Re8 48. Rxa3 Rxe5 49. Ra6+ Kb7 50. Ra5 Re4+ 51. Kc5 Re5+ 52. Kb4 Re4+ 53. c4 bxc4 54. bxc4 Re3 55. Ra3 Re4 56. Rd3 Kc6 57. Ra3 Kb7 58. Rd3 Kc6 59. Rc3 Re1 60. Ra3 Rb1+ 61. Kc3 Kb6 62. Kd4 Rd1+ 63. Rd3 Re1 64. Re3 Rd1+ 65.
Ke4 Kc5 66. Rc3 Re1+ 67. Kf4 Re7 68. h4 Kd4 69. Rc1 Re4+ 70. Kf3 Re3+ 71. Kf2 Re4 72. Kf3 Re3+ 73. Kf2 Re4 74. c5 Re7 75. c6 Rc7 76. Rd1+ Ke5 77. Rd7 Rxc6 78. Rxf7 g6 79. fxg6 Rxg6 80.
Rf5+ Ke4 81. Kg3 Ke3 82. Re5+ Kd4 83. Re8 Kd5 84. Kf4 Rg7 85. Kf5 Kd6 86. Re6+ Kd7 87.
Rxh6 Rf7+ 88. Rf6 Rh7 89. h5 Ke7 90. Re6+ Kf7 91. Ra6 Kg8 92. Ra8+ Kg7 93. Ra7+ Kg8 94. Rxh7 Kxh7 95. g5 1-0

[Event "*** Titled Tuesday Blitz"]
[Site "Chess.com"]
[Date "2021.04.20"]
[Round "3"]
[White "GregShahade"]
[Black "ferch1ni"]
[Result "1-0"]
[WhiteElo "2705"]
[BlackElo "2421"]
[TimeControl "180+1"]
[EndTime "10:21:32 PDT"]
[Termination "GregShahade won by resignation"]

1. e4 c5 2. Nf3 Nc6 3. d4 cxd4 4. Nxd4 Nf6 5. Nc3 g6 6. Nxc6 bxc6 7. e5 Nh5 8. Bc4 Qa5 9. O-O Qxe5 10. Re1 Qc5 11. Ne4 Qxc4 12. Nd6+ 1-0

[Event "*** Titled Tuesday Blitz"]
[Site "Chess.com"]
[Date "2021.04.20"]
[Round "3"]
[White "FontVella8"]
[Black "vinniethepooh"]
[Result "0-1"]
[WhiteElo "2446"]
[BlackElo "2747"]
[TimeControl "180+1"]
[EndTime "10:21:52 PDT"]
[Termination "vinniethepooh won by resignation"]

1. d4 Nf6 2. c4 e6 3. Nf3 d5 4. Nc3 c6 5. cxd5 exd5 6. Qc2 g6 7. Bf4 Bf5 8. Qb3 Qb6 9. Qxb6 axb6 10. e3 Bb4 11.
Be5 Nbd7 12. Be2 Nxe5 13. Nxe5 Ne4 14. O-O Nxc3 15. bxc3 Bxc3 16. Rac1 Bb2 17. Rb1 Bxb1 18. Rxb1 0-1

[Event "*** Titled Tuesday Blitz"]
[Site "Chess.com"]
[Date "2021.04.20"]
[Round "3"]
[White "Agnes66678"]
[Black "TigrVShlyape"]
[Result "0-1"]
[WhiteElo "2452"]
[BlackElo "2813"]
[TimeControl "180+1"]
[EndTime "10:22:38 PDT"]
[Termination "TigrVShlyape won by resignation"]

1. d4 Nf6 2. c4 e6 3. g3 d5 4. Nf3 Bb4+ 5. Bd2 Be7 6. Bg2 O-O 7. O-O Nbd7 8. Qc2 c6 9. a3 a5 10. Rc1 Ne4 11. Bf4 g5 12. Be3 f5 13. Nc3 Nd6 14.
c5 Nc4 15. Bd2 g4 16. Ne1 Nxd2 17. Qxd2 Bg5 18. e3 e5 19. Nd3 exd4 20. Nxd5 cxd5 0-1

[Event "*** Titled Tuesday Blitz"]
[Site "Chess.com"]
[Date "2021.04.20"]
[Round "3"]
[White "aaaao"]
[Black "Vaathi_Coming"]
[Result "0-1"]
[WhiteElo "2644"]
[BlackElo "2912"]
[TimeControl "180+1"]
[EndTime "10:23:06 PDT"]
[Termination "Vaathi_Coming won by resignation"]

1. e4 e5 2. Nf3 Nc6 3. Bc4 Nf6 4.
d3 Bc5 5. O-O d6 6. c3 a6 7. h3 h6 8. a4 O-O 9. Na3 Ba7 10. Nc2 Ne7 11. Be3 Bb8 12. Nh4 c6 13.
Qf3 d5 14. Bb3 Ng6 15. Nf5 Bxf5 16. Qxf5 Nh4 0-1

[Event "*** Titled Tuesday Blitz"]
[Site "Chess.com"]
[Date "2021.04.20"]
[Round "3"]
[White "kuhlmann"]
[Black "FMJoseHerrera"]
[Result "0-1"]
[WhiteElo "2415"]
[BlackElo "2642"]
[TimeControl "180+1"]
[EndTime "10:23:11 PDT"]
[Termination "FMJoseHerrera won by resignation"]

1. a4 f6 2. g3 g6 3. Bg2 Kf7 4.
d3 Kg7 5. Nd2 h5 6. h4 d6 7. e4 Nc6 8. b3 e5 9. Bb2 Nh6 10. Nh3 Be7 11. Qe2 Bg4 12. f3 Be6 13.
O-O-O a6 14. Nc4 b5 15. axb5 axb5 16. Ne3 Ra2 17. Kb1 Qa8 18. f4 Nd4 19. Qd2 Qa7 0-1

[Event "*** Titled Tuesday Blitz"]
[Site "Chess.com"]
[Date "2021.04.20"]
[Round "3"]
[White "chesshermar"]
[Black "MFguimaraes"]
[Result "0-1"]
[WhiteElo "2194"]
[BlackElo "2407"]
[TimeControl "180+1"]
[EndTime "10:23:34 PDT"]
[Termination "MFguimaraes won by resignation"]

1. e4 e6 2. d4 d5 3. Nd2 c5 4. exd5 Qxd5 5. Ngf3 cxd4 6. Bc4 Qd6 7. Nb3 Nc6 8. O-O Nf6 9. Nbxd4 Nxd4 10. Nxd4 a6 11. Re1 Be7 12. c3 O-O 13. Qe2 Bd7 14. Bb3 Rad8 15. Bc2 Qb8 16. Bg5 h6 17. Bh4 Rfe8 18.
Bg3 Bd6 19. Bxd6 Qxd6 20. Rad1 Qc7 21. Nf3 Bc6 22. Ne5 Rxd1 23. Rxd1 Bd5 24. Qd3 Qxe5 0-1

[Event "*** Titled Tuesday Blitz"]
[Site "Chess.com"]
[Date "2021.04.20"]
[Round "3"]
[White "Olga_Zhuravleva"]
[Black "jucAxx"]
[Result "0-1"]
[WhiteElo "2316"]
[BlackElo "2125"]
[TimeControl "180+1"]
[EndTime "10:23:52 PDT"]
[Termination "jucAxx won by resignation"]

1. e4 e6 2. d4 d5 3. Nd2 c5 4. exd5 Qxd5 5. Ngf3 cxd4 6. Bc4 Qd6 7. O-O Nf6 8. Nb3 Nc6 9. Nbxd4 Nxd4 10. Nxd4 Bd7 11. c3 Be7 12. Bg5 Qc5 13. Bxf6 Bxf6 14. Bb3 O-O 15.
h3 Rad8 16. Bc2 Bb5 17. Bd3 Bxd4 0-1

[Event "*** Titled Tuesday Blitz"]
[Site "Chess.com"]
[Date "2021.04.20"]
[Round "3"]
[White "narutosmith"]
[Black "ecwinslow"]
[Result "0-1"]
[WhiteElo "2306"]
[BlackElo "2295"]
[TimeControl "180+1"]
[EndTime "10:23:56 PDT"]
[Termination "ecwinslow won by checkmate"]

1. d4 Nf6 2. c4 e6 3. Nc3 c5 4. d5 exd5 5. cxd5 d6 6. e4 g6 7. f4 Bg7 8. Bb5+ Nfd7 9. a4 a6 10. Bc4 Qh4+ 11. g3 Qd8 12. Nf3 O-O 13. O-O Nb6 14.
Bb3 c4 15. Bc2 N6d7 16. Be3 Qc7 17. Re1 Nc5 18. e5 Bg4 19. Bd4 Nbd7 20. exd6 Qxd6 21. Bxg7 Kxg7 22. Qd4+ Nf6 23. Ne5 Bh3 24. Nxc4 Qc7 25. d6 Qc6 26. Nd5 Qxd5 27. Red1 Qg2# 0-1

[Event "*** Titled Tuesday Blitz"]
[Site "Chess.com"]
[Date "2021.04.20"]
[Round "3"]
[White "Grandmaster2B"]
[Black "FredyMatsuura"]
[Result "1-0"]
[WhiteElo "2555"]
[BlackElo "2329"]
[TimeControl "180+1"]
[EndTime "10:23:57 PDT"]
[Termination "Grandmaster2B won by resignation"]

1. e4 c5 2. Nf3 e6 3. d4 cxd4 4. Nxd4 Nf6 5. Nc3 d6 6. Be3 Nc6 7. f3 a6 8. Qd2 Qc7 9. O-O-O b5 10. g4 Nd7 11. h4 Nce5 12. g5 Nb6 13. b3 b4 14.
Nce2 Bd7 15. Bh3 a5 16. f4 Nc6 17. Nb5 Qb8 18. Nxd6+ Bxd6 19. Qxd6 Qxd6 20. Rxd6 Nc8 21. Rd2 Rb8 22. Rhd1 Rb7 23. e5 N8e7 24. Bg2 Rc7 25. Ng3 Bc8 26. Bc5 O-O 27. Bxc6 1-0

[Event "*** Titled Tuesday Blitz"]
[Site "Chess.com"]
[Date "2021.04.20"]
[Round "3"]
[White "gumimis"]
[Black "zurzan"]
[Result "1-0"]
[WhiteElo "2318"]
[BlackElo "2001"]
[TimeControl "180+1"]
[EndTime "10:24:03 PDT"]
[Termination "gumimis won by resignation"]

1. e4 Nf6 2. Nc3 d5 3. e5 Nfd7 4.
d4 e6 5. f4 c5 6. Nf3 Nc6 7.
Be3 cxd4 8. Nxd4 Nxd4 9. Bxd4 Be7 10. Be2 O-O 11. O-O f6 12. exf6 Nxf6 13. Qd3 a6 14. Rae1 Bd7 15. Nd1 Rc8 16. Ne3 Ne4 17. Bf3 Bc6 18.
Be5 Bf6 19. Ng4 Bxe5 20. Nxe5 Rxf4 21. Nxc6 bxc6 22. Bxe4 Qb6+ 23. Kh1 dxe4 24. Qd7 Rcf8 25. Qxe6+ Kh8 26. Rxf4 1-0

[Event "*** Titled Tuesday Blitz"]
[Site "Chess.com"]
[Date "2021.04.20"]
[Round "3"]
[White "chessprincesa1"]
[Black "WinstonSilvakov"]
[Result "1-0"]
[WhiteElo "2331"]
[BlackElo "2090"]
[TimeControl "180+1"]
[EndTime "10:24:04 PDT"]
[Termination "chessprincesa1 won by resignation"]

1. d4 Nf6 2. c4 c5 3. d5 e5 4. Nc3 d6 5. e4 Be7 6. Nge2 a6 7. a4 O-O 8. Ng3 Re8 9. Bd3 Bf8 10. O-O b6 11. h3 g6 12. Be3 Bg7 13. Qd2 Nbd7 14. Bg5 Qc7 15. Rae1 Rb8 16. h4 Nf8 17. h5 Bd7 18. f4 exf4 19. Qxf4 Qd8 20. Bxf6 1-0

[Event "*** Titled Tuesday Blitz"]
[Site "Chess.com"]
[Date "2021.04.20"]
[Round "3"]
[White "picturesquecheck"]
[Black "deribas12345"]
[Result "0-1"]
[WhiteElo "2303"]
[BlackElo "2532"]
[TimeControl "180+1"]
[EndTime "10:24:05 PDT"]
[Termination "deribas12345 won by resignation"]

1. e4 c5 2. Nf3 d6 3. Bb5+ Nc6 4. O-O a6 5. Bxc6+ bxc6 6. d3 g6 7. Nc3 Bg7 8. Re1 e5 9. Bg5 f6 10. Be3 Ne7 11. h3 O-O 12. Nd2 Be6 13. a4 f5 14. Bg5 h6 15. Bxe7 Qxe7 16. exf5 gxf5 17. Nf3 Rae8 18. Qd2 Kh7 19. Re2 Rg8 20. Rae1 Bf6 21.
Kh1 Qg7 22. g3 Qg6 23. Nd1 f4 24. Rg1 Bxh3 25. gxf4 Bg2+ 26. Kh2 Qh5+ 0-1

[Event "*** Titled Tuesday Blitz"]
[Site "Chess.com"]
[Date "2021.04.20"]
[Round "3"]
[White "anon481216"]
[Black "GoltsevDmitry2000"]
[Result "0-1"]
[WhiteElo "2543"]
[BlackElo "2732"]
[TimeControl "180+1"]
[EndTime "10:24:15 PDT"]
[Termination "GoltsevDmitry2000 won by resignation"]

1. d4 Nf6 2. c4 e6 3. g3 Bb4+ 4. Bd2 Qe7 5. Nf3 d5 6. Bg2 c6 7. Qc2 Ne4 8. O-O Bd6 9. Nc3 f5 10. Bf4 Nd7 11. c5 Bxf4 12. gxf4 O-O 13. e3 h6 14. Kh1 g5 15. Ne5 Nxe5 16. fxe5 Nxc3 17. bxc3 f4 18. Qg6+ Qg7 19. Qxg7+ Kxg7 20. Bf3 b6 21.
cxb6 axb6 22. a4 Ba6 23. Rfb1 fxe3 24. Bg4 exf2 0-1

[Event "*** Titled Tuesday Blitz"]
[Site "Chess.com"]
[Date "2021.04.20"]
[Round "3"]
[White "Msb2"]
[Black "PchelkinVK"]
[Result "1-0"]
[WhiteElo "2907"]
[BlackElo "2640"]
[TimeControl "180+1"]
[EndTime "10:24:17 PDT"]
[Termination "Msb2 won on time"]

1. d4 Nc6 2. d5 Ne5 3. e4 e6 4. dxe6 fxe6 5. Nc3 Bc5 6. Qh5+ Kf8 7. Qxe5 d6 8. Qf4+ Nf6 9. Be3 e5 10. Qg3 Bb4 11. f3 c6 12. Bd3 Qa5 13. Ne2 Be6 14.
O-O Ke7 15. Qxg7+ Bf7 16. Bg5 1-0

[Event "*** Titled Tuesday Blitz"]
[Site "Chess.com"]
[Date "2021.04.20"]
[Round "3"]
[White "Kretov_Evgenij"]
[Black "vugarrasulov"]
[Result "1-0"]
[WhiteElo "2648"]
[BlackElo "2828"]
[TimeControl "180+1"]
[EndTime "10:24:18 PDT"]
[Termination "Kretov_Evgenij won by checkmate"]

1. d4 Nf6 2. c4 e6 3. Nc3 d5 4. cxd5 Nxd5 5. Nf3 g6 6. e4 Nxc3 7. bxc3 Bg7 8. Be2 c5 9. O-O O-O 10. Be3 Qc7 11. Qd2 b6 12. d5 exd5 13. exd5 Ba6 14.
Bxa6 Nxa6 15. Rad1 Rad8 16. c4 Qd7 17. Bh6 Rfe8 18. Bxg7 Kxg7 19. Qc3+ Kg8 20. Ne5 Qf5 21. Nc6 Ra8 22. Rfe1 Qd7 23. Qf6 Qg4 24. Ne7+ Rxe7 25. Qxe7 Nb4 26. d6 Nc2 27. d7 Nxe1 28. d8=Q+ Kg7 29.
Qf6+ Kh6 30. Qh4+ Kg7 31. Qxg4 Nf3+ 32. gxf3 Rc8 33. Qdxc8 b5 34. Rd7 b4 35. Qe6 Kh6 36.
Rxf7 b3 37. Rxh7+ Kg5 38. Qd8+ Kf4 39. Qdf6# 1-0

[Event "*** Titled Tuesday Blitz"]
[Site "Chess.com"]
[Date "2021.04.20"]
[Round "3"]
[White "NikolaGry"]
[Black "CrushingKings"]
[Result "1-0"]
[WhiteElo "2713"]
[BlackElo "2493"]
[TimeControl "180+1"]
[EndTime "10:24:20 PDT"]
[Termination "NikolaGry won by resignation"]

1. b3 d6 2. Bb2 Nd7 3. e3 Ngf6 4. Nf3 g6 5. c4 Bg7 6. Be2 O-O 7. O-O c5 8. d4 Rb8 9. Nc3 a6 10. Rc1 Ne8 11. Qd2 Nc7 12. a4 b6 13. Rfe1 Bb7 14.
d5 Bc8 15. Ne4 Nf6 16. Ng3 Bd7 17. e4 b5 18. axb5 axb5 19. e5 Nfe8 20. h3 bxc4 21.
bxc4 Na6 22. Bf1 Qb6 23. Bc3 Nb4 24. Ra1 Nc7 25. exd6 Bxc3 26. Qxc3 exd6 27. Re7 Rbd8 28. Ne4 Ne8 29. Rxe8 Rfxe8 30. Nf6+ Kf8 31. Nxh7+ Kg8 32. Nf6+ Kf8 33. Nxd7+ Rxd7 34. Qh8+ Ke7 35. Re1+ 1-0

[Event "*** Titled Tuesday Blitz"]
[Site "Chess.com"]
[Date "2021.04.20"]
[Round "3"]
[White "zubridis"]
[Black "GoValya"]
[Result "1-0"]
[WhiteElo "2526"]
[BlackElo "2276"]
[TimeControl "180+1"]
[EndTime "10:24:20 PDT"]
[Termination "zubridis won by resignation"]

1. e4 g6 2. d4 Bg7 3. Nc3 c5 4.
dxc5 Nc6 5. Be3 a6 6. Qd2 e6 7. Na4 Nge7 8. Nb6 Rb8 9. c3 O-O 10. Nf3 f5 11. Bd3 d5 12. cxd6 Qxd6 13. Bf4 e5 14. Bc4+ Qe6 15. Bg5 Qxc4 16. Nxc4 fxe4 17. Nfxe5 1-0

[Event "*** Titled Tuesday Blitz"]
[Site "Chess.com"]
[Date "2021.04.20"]
[Round "3"]
[White "jraosam"]
[Black "kekic76"]
[Result "0-1"]
[WhiteElo "1893"]
[BlackElo "2339"]
[TimeControl "180+1"]
[EndTime "10:24:28 PDT"]
[Termination "kekic76 won on time"]

1. c4 b6 2. d4 Bb7 3. Nc3 Nf6 4. d5 g6 5. e4 d6 6. Bd3 Bg7 7. Nge2 O-O 8. O-O c6 9. Bd2 Nbd7 10. Rc1 Ne5 11. Bf4 Nxd3 12. Qxd3 Nd7 13. Bg3 Ne5 14. Bxe5 Bxe5 15. f4 Bg7 0-1

[Event "*** Titled Tuesday Blitz"]
[Site "Chess.com"]
[Date "2021.04.20"]
[Round "3"]
[White "InitiatingASC"]
[Black "FarOut1364"]
[Result "0-1"]
[WhiteElo "2428"]
[BlackElo "2726"]
[TimeControl "180+1"]
[EndTime "10:24:33 PDT"]
[Termination "FarOut1364 won by resignation"]

1. d4 e6 2. c4 Nf6 3. Nc3 d5 4. e3 a6 5. Nf3 dxc4 6. Bxc4 b5 7. Bd3 Bb7 8. O-O Nbd7 9. a3 c5 10. e4 cxd4 11. Nxd4 Ne5 12. Bc2 Bc5 13. Nf3 Qxd1 14. Rxd1 Nfg4 15. Nxe5 Nxe5 16. h3 Rc8 17. Bb3 Ke7 18. Bf4 f6 19. Bxe5 fxe5 20. Rac1 Bd4 21. Kf1 Rhf8 22. f3 Bxc3 23. bxc3 Bxe4 24. c4 Bxf3 25.
gxf3 Rxf3+ 26. Kg2 Rxb3 27. cxb5 Rxc1 28. Rxc1 axb5 29. Rc7+ Kf6 30. Rb7 h5 31. Kf2 Rxa3 32. Rxb5 Rxh3 0-1

[Event "*** Titled Tuesday Blitz"]
[Site "Chess.com"]
[Date "2021.04.20"]
[Round "3"]
[White "Nikolaj_6"]
[Black "DeTimmerman"]
[Result "0-1"]
[WhiteElo "2624"]
[BlackElo "2823"]
[TimeControl "180+1"]
[EndTime "10:24:36 PDT"]
[Termination "DeTimmerman won by resignation"]

1. e4 e5 2. Nf3 Nc6 3. Bb5 f5 4.
Nc3 fxe4 5. Nxe4 d5 6. Nxe5 dxe4 7. Nxc6 Qg5 8. Qe2 Nf6 9. Ne5+ c6 10. f4 Qxf4 11. d4 Qh4+ 12. g3 Qh3 13. Bc4 Be6 14. Bf4 O-O-O 15. O-O-O Bd6 16. Rhf1 Rhf8 17. Kb1 Bc7 18. g4 Nd5 19. Qxe4 Bxg4 20. Nxg4 Qxg4 21. h3 Rxf4 22. Qxd5 Qxd1+ 23. Rxd1 cxd5 0-1

[Event "*** Titled Tuesday Blitz"]
[Site "Chess.com"]
[Date "2021.04.20"]
[Round "3"]
[White "RamyresCoelho"]
[Black "Shahaliyev"]
[Result "0-1"]
[WhiteElo "2221"]
[BlackElo "2686"]
[TimeControl "180+1"]
[EndTime "10:24:36 PDT"]
[Termination "Shahaliyev won by resignation"]

1. e4 d6 2. d4 Nf6 3. Nc3 e5 4. f3 exd4 5. Qxd4 Nc6 6. Bb5 Bd7 7.
Bxc6 Bxc6 8. Be3 Be7 9. O-O-O O-O 10. g4 b5 11. g5 Nh5 12. Nd5 Bxg5 13. f4 Bxd5 14.
fxg5 Bc6 15. Nf3 Qe7 16. Nd2 Rfe8 17. Rde1 Qe6 18. Kb1 a5 19. Rhf1 a4 20. Bg1 Bb7 21. h4 c5 22. Qd3 b4 23. Qf3 g6 24. Qg4 Qxg4 0-1

[Event "*** Titled Tuesday Blitz"]
[Site "Chess.com"]
[Date "2021.04.20"]
[Round "3"]
[White "WisdomGame"]
[Black "draksbg"]
[Result "0-1"]
[WhiteElo "2092"]
[BlackElo "2476"]
[TimeControl "180+1"]
[EndTime "10:24:36 PDT"]
[Termination "draksbg won by resignation"]

1. e4 c5 2. Nf3 Nc6 3. Bb5 e5 4. Bxc6 dxc6 5. O-O Bd6 6. d3 Ne7 7. Nc3 Be6 8. a4 a5 9. Ne2 f6 10. c3 O-O 11. d4 cxd4 12. cxd4 exd4 13. Nfxd4 Bf7 14. Be3 Re8 15. f3 Ng6 16. Nf5 Bf8 17. Qxd8 Rexd8 18. Rad1 Bb3 19. Rxd8 Rxd8 20. Ra1 Ne5 21.
Nfd4 Bf7 22. Rb1 Bb4 23. Nc2 Bd2 24. Bb6 Rd7 25. Rd1 Nc4 26. b3 Nxb6 0-1